 Dungeon Crawl Stone Soup version 0.31-a0-1591-g515db51633 (webtiles) character file.

Game seed: 15027707569029798873

2246830 CaptainSplash the Draconian Cataclysm (level 27, 250/250 HPs)
             Began as a Purple Draconian Shapeshifter on Sept 13, 2023.
             Was a High Priest of Qazlal.
             Escaped with the Orb
             ... and 4 runes on Jan 6, 2024!
             The game lasted 08:18:19 (75097 turns).

CaptainSplash the Draconian Cataclysm (DrSh)       Turns: 75097, Time: 08:18:20

Health: 250/250    AC: 22    Str: 25    XL:     27
Magic:  38/38      EV: 19    Int: 17    God:    Qazlal [*****.]
Gold:   5474       SH: 30    Dex: 18    Spells: 7/40 levels left

rFire   + +          +
                       - Unarmed
rCold   + . .        h - +2 kite shield of the Hungering Gods {rElec rPois rN+ rCorr}
rNeg    + . .        (body armour unavailable)
rPois   +            b - +2 hat {SInv}
rElec   +            N - +2 cloak {rPois}
rCorr   +            B - +0 pair of gloves of Responsibility {rF++}
SInv    +            s - +2 pair of boots {Fly}
Will    +++++        r - amulet of Autumn {Reflect Int+2 Dex+6 SH+5}
Stlth   +            K - ring "Rumn" {rF+ rC+ rCorr}
HPRegen 0.61/turn    a - +4 ring of slaying
MPRegen 0.26/turn

%: repel missiles, reflection
@: maw-form, flying, studying 3 skills
A: devouring maw, breathe power, AC +13, unfitting armour, cold-blooded, claws
1, stinger 2, deterioration 1, dopey 1, strong-willed 1, electricity resistance,
strong 1, evolution 1
0: Orb of Zot
}: 4/15 runes: barnacled, slimy, silver, gossamer
a: Breathe Dispelling Energy, Begin Untransformation, Renounce Religion,
Upheaval, Elemental Force, Disaster Area


You escaped.
You worshipped Qazlal.
Qazlal was extremely pleased with you.
You were a creature with a mouth for a stomach.
You visited 12 branches of the dungeon, and saw 56 of its levels.
You visited 1 bazaar.
You also visited: Trove, Bailey, Wizlab and Desolation.

You collected 10019 gold pieces.
You spent 4545 gold pieces at shops.

Inventory:

Missiles
 e - 5 throwing nets
 l - 85 poisoned darts (quivered)
Armour
 b - a +2 hat of see invisible (worn)
 h - the +2 kite shield of the Hungering Gods (worn) {rElec rPois rN+ rCorr}
   (You acquired it on level 1 of the Lair of Beasts)

   rElec:     It insulates you from electricity.
   rPois:     It protects you from poison rN+: It protects you from negative
   energy.
   rCorr:     It protects you from acid and corrosion.
 s - a +2 pair of boots of flying (worn)
 u - a +2 pair of boots of rampaging
 B - the +0 pair of gloves of Responsibility (worn) {rF++}
   (You found it on level 6 of the Dungeon)

   rF++:      It greatly protects you from fire.
 N - a +2 cloak of poison resistance (worn)
Jewellery
 a - a +4 ring of slaying (right hand)
 j - the ring "Qach" {rPois Dex+3}
   (You took it off a tengu reaver on level 5 of the Vaults)

   [ring of poison resistance]

   Dex+3:     It affects your dexterity (+3).
   rPois:     It protects you from poison
 n - the ring "Ixemo" {+Blink rC++ Str-4 SInv Stlth+}
   (You found it on level 3 of the Elven Halls)

   [ring of see invisible]

   Str-4:     It affects your strength (-4).
   rC++:      It greatly protects you from cold.
   SInv:      It lets you see invisible.
   +Blink:    It lets you blink.
   Stlth+:    It makes you more stealthy.
 r - the amulet of Autumn (around neck) {Reflect Int+2 Dex+6 SH+5}
   (You acquired it on level 3 of the Depths)

   [amulet of reflection]

   Reflect:   It reflects blocked missile attacks.
   Int+2:     It affects your intelligence (+2).
   Dex+6:     It affects your dexterity (+6).
   SH+5:      It affects your SH (+5).
 J - a ring of protection from fire
 K - the ring "Rumn" (left hand) {rF+ rC+ rCorr}
   (You found it on level 1 of the Realm of Zot)

   [ring of protection from fire]

   rF+:       It protects you from fire.
   rC+:       It protects you from cold.
   rCorr:     It protects you from acid and corrosion.
 T - a ring of protection from cold
 U - the ring "Qeriopho" {rCorr Str+4 Dex+3 SInv}
   (You acquired it on level 3 of the Realm of Zot)

   [ring of see invisible]

   Str+4:     It affects your strength (+4).
   Dex+3:     It affects your dexterity (+3).
   SInv:      It lets you see invisible.
   rCorr:     It protects you from acid and corrosion.
Talismans
 k - a maw talisman
Wands
 p - a wand of acid (12)
 w - a wand of charming (92)
 x - a wand of digging (32)
 A - a wand of mindburst (56)
 Y - a wand of roots (57)
Scrolls
 m - 4 scrolls of poison
 v - 2 scrolls of butterflies
 C - 3 scrolls of blinking
 E - 8 scrolls of teleportation
 F - 12 scrolls of fear
 G - 9 scrolls of fog
 S - a scroll of immolation
 V - 8 scrolls of revelation
 X - 2 scrolls of silence
Potions
 d - a potion of cancellation
 f - 6 potions of brilliance
 g - 7 potions of mutation
 i - 19 potions of curing
 o - 10 potions of enlightenment
 q - 6 potions of berserk rage
 t - 4 potions of heal wounds
 D - 2 potions of invisibility
 H - 5 potions of haste
 I - 3 potions of attraction
 L - 5 potions of magic
 M - 7 potions of might
 P - 5 potions of resistance
 Q - 12 potions of ambrosia
 R - 6 potions of lignification
Miscellaneous
 c - a phantom mirror
 y - a phial of floods
 O - a lightning rod (4/4)
 W - a tin of tremorstones (2/2)


   Skills:
 + Level 21.1 Fighting
 - Level 12.0 Dodging
 - Level 18.0 Shields
 + Level 22.5 Unarmed Combat
 - Level 7.0 Spellcasting
 - Level 16.0 Translocations
 - Level 12.0 Fire Magic
 + Level 18.2 Air Magic
 + Level 23.4 Invocations
 - Level 8.0 Evocations
 - Level 14.0 Shapeshifting


You had 7 spell levels left.
You knew the following spells:

 Your Spells              Type           Power      Damage    Failure   Level
a - Blink                 Tloc           100%       N/A       1%          2
b - Vhi's Electric Charg  Tloc/Air       100%       N/A       1%          4
c - Manifold Assault      Tloc           57%        N/A       1%          4
d - Passage of Golubria   Tloc           57%        N/A       1%          4
e - Plasma Beam           Fire/Air       27%        2x1d40    4%          6
f - Apportation           Tloc           100%       N/A       1%          1
g - Silence               Hex/Air        18%        N/A       10%         5
h - Orb of Destruction    Conj           2%         9d5       100%        7

Your spell library contained the following spells:

 Spells                   Type           Power      Damage    Failure   Level
 Cigotuvi's Dreadful Rot  Necr/Alch/Air  52%        N/A       1%          2
 Lesser Beckoning         Tloc           100%       N/A       1%          2
 Mercury Vapours          Alch/Air       74%        N/A       1%          2
 Momentum Strike          Conj/Tloc      66%        3d9       1%          2
 Scorch                   Fire           92%        2d8       1%          2
 Static Discharge         Conj/Air       74%        3-7/arc   1%          2
 Gell's Gravitas          Tloc           57%        N/A       1%          3
 Teleport Other           Tloc           57%        N/A       1%          3
 Volatile Blastmotes      Fire/Tloc      100%       2d18      1%          3
 Airstrike                Air            31%        2d(5-21)  1%          4
 Inner Flame              Hex/Fire       26%        N/A       3%          3
 Mephitic Cloud           Conj/Alch/Air  26%        N/A       3%          3
 Summon Lightning Spire   Summ/Air       37%        N/A       3%          4
 Dispersal                Tloc           28%        N/A       3%          6
 Dimensional Bullseye     Hex/Tloc       16%        N/A       5%          4
 Arcjolt                  Conj/Air       18%        1d28      10%         5
 Ignite Poison            Fire/Alch      26%        N/A       13%         4
 Sticky Flame             Fire/Alch      26%        2d6       13%         4
 Summon Blazeheart Golem  Fire/Summ      26%        N/A       13%         4
 Freeze                   Ice            20%        1d4       16%         1
 Kiss of Death            Conj/Necr      20%        2d7       16%         1
 Magic Dart               Conj           20%        1d4       16%         1
 Necrotise                Necr           20%        1d5       16%         1
 Sting                    Conj/Alch      20%        1d4       16%         1
 Summon Small Mammal      Summ           20%        N/A       16%         1
 Summon Forest            Summ/Tloc      16%        N/A       16%         5
 Call Imp                 Summ           10%        N/A       22%         2
 Jinxbite                 Hex            10%        N/A       22%         2
 Searing Ray              Conj           10%        2d4       22%         2
 Sublimation of Blood     Necr           5%         N/A       22%         2
 Fireball                 Conj/Fire      13%        3d7       34%         5
 Freezing Cloud           Conj/Ice/Air   13%        6-21      34%         5
 Call Canine Familiar     Summ           5%         N/A       41%         3
 Confusing Touch          Hex            5%         N/A       41%         3
 Dazzling Flash           Conj/Hex       10%        N/A       41%         3
 Frozen Ramparts          Ice            10%        1d2       41%         3
 Fugue of the Fallen      Necr           5%         N/A       41%         3
 Hailstorm                Conj/Ice       5%         3d5       41%         3
 Stone Arrow              Conj/Erth      10%        3d7       41%         3
 Tukima's Dance           Hex            5%         N/A       41%         3
 Conjure Ball Lightning   Conj/Air       18%        3x3d6     50%         6
 Animate Dead             Necr           5%         N/A       83%         4
 Brom's Barrelling Bould  Conj/Erth      5%         2d3       83%         4
 Cause Fear               Hex            2%         N/A       83%         4
 Dispel Undead            Necr           5%         3d7       83%         4
 Fulminant Prism          Conj/Alch      2%         3d5       83%         4
 Leda's Liquefaction      Alch/Erth      2%         N/A       83%         4
 Olgreb's Toxic Radiance  Alch           5%         N/A       83%         4
 Petrify                  Alch/Erth      5%         N/A       83%         4
 Starburst                Conj/Fire      13%        6d5       89%         6
 Borgnjor's Vile Clutch   Necr/Erth      2%         N/A       99%         5
 Irradiate                Conj/Alch      2%         3d12      99%         5
 Iskenderun's Battlesphe  Conj           5%         2d6       99%         5
 Lee's Rapid Deconstruct  Erth           2%         3d5*      99%         5
 Summon Mana Viper        Hex/Summ       5%         N/A       99%         5
 Yara's Violent Unravell  Hex/Alch       2%         3d3       99%         5
 Bombard                  Conj/Erth      2%         9d1       100%        6
 Death Channel            Necr           2%         N/A       100%        6
 Eringya's Noxious Bog    Alch           2%         4d6       100%        6
 Sculpt Simulacrum        Ice/Alch       2%         N/A       100%        6
 Enfeeble                 Hex            2%         N/A       100%        7
 Ozocubu's Refrigeration  Ice            2%         4d8       100%        7
 Spellforged Servitor     Conj/Summ      2%         N/A       100%        7
 Summon Hydra             Summ           2%         N/A       100%        7
 Maxwell's Capacitive Co  Air            31%        ∞         50%         8
 Disjunction              Tloc           28%        N/A       80%         8
 Discord                  Hex            2%         N/A       100%        8
 Infestation              Necr           2%         N/A       100%        8
 Lehudib's Crystal Spear  Conj/Erth      2%         10d2      100%        8
 Death's Door             Necr           2%         N/A       100%        9
 Dragon's Call            Summ           2%         N/A       100%        9
 Polar Vortex             Ice            2%         N/A       100%        9
 Animate Armour           Summ/Erth      Unusable   N/A       N/A         4

Dungeon Overview and Level Annotations

Branches:
Dungeon (15/15)            Temple (1/1) D:6            Lair (5/5) D:11
 Shoals (4/4) Lair:3       Spider (4/4) Lair:2        Slime (5/5) Lair:4
    Orc (2/2) D:10            Elf (3/3) Orc:2        Vaults (5/5) D:14
  Crypt (3/3) Vaults:2       Tomb (0/3) Crypt:3      Depths (4/4) D:15
    Zot (5/5) Depths:4     Bailey (visited)          WizLab (visited)
Desolation (visited)

Altars:
Ashenzari
Cheibriados
Dithmenos
Elyvilon
Fedhas
Gozag
Hepliaklqana
Kikubaaqudgha
Makhleb
Nemelex Xobeh
Okawaru
Qazlal
Ru
Sif Muna
Trog
Uskayaw
Vehumet
Wu Jian
Xom
Yredelemnul
Zin
The Shining One
Jiyva

Shops:
D:9 :   D:10 **   D:13 !   Orc:2 ?:*[:   Elf:3 ?(*   Vaults:1 *
Vaults:2 *[*:!   Depths:1 **   Depths:4 :==

Portals:
Hell: Depths:1 Depths:2 Depths:3 Depths:4
Abyss: Depths:2 Depths:3 Depths:4
Pandemonium: Depths:2
Ziggurat: Depths:1

Annotations:
D:15 2 transporters, Etsiduud's ghost, journeyman MiFi
Elf:2 3 runed translucent doors
Vaults:3 3 runed translucent doors, Luiw's ghost, veteran HOBe
Depths:2 1 runed translucent door
Zot:2 2 transporters


Innate Abilities, Weirdness & Mutations

You are a creature with a mouth for a stomach.
Your midsection houses a second, enormous mouth.
You can breathe bolts of dispelling energy.
Your rich purple scales are hard. (AC +13)
You cannot fit into any form of body armour.
You are cold-blooded and may be slowed by cold attacks.
You have sharp fingernails.
Your tail ends in a sharp venomous barb.
Your body sometimes deteriorates upon taking damage.
You are dopey. (Int -2)
You are strong-willed. (Will+)
You are resistant to electric shocks. (rElec)
Your muscles are strong. (Str +4, Int/Dex -1)
You have hidden genetic potential.


Message History

The white imp shouts, "Embrace submission, thou warped boil-brained brigand!"
You hear a shout!
There is a stone staircase leading down here.
A white imp is nearby!
You can't go up here!
Unknown command.
You closely miss the white imp. You block the white imp's attack.
You punch the white imp!
Your tail-slap misses the white imp.
The white imp is almost dead.
You block the white imp's attack.
You hit the white imp.
You kill the white imp!
Qazlal accepts your kill.
There is a stone staircase leading up here.
You fly upwards.
There is a stone staircase leading down here.
There is an open door here.
There is an open door here.
There is an escape hatch in the ceiling here.
A mysterious force pulls you upwards. The hatch slams shut behind you.
There is an escape hatch in the ceiling here.
A mysterious force pulls you upwards. The hatch slams shut behind you.
You see here a +0 club.
You see here a +0 club.
There is a stone staircase leading up here.
You fly upwards.
There is a stone staircase leading down here.
A neqoxec comes into view.
The neqoxec shouts!
You start waiting.
A neqoxec is nearby!
Casting: Vhi's Electric Charge (safe; 1% risk of failure)
Confirm with . or Enter, or press ? or * to list all spells.
Okay, then.
You pummel the neqoxec!!
You kill the neqoxec!
Qazlal accepts your kill.
There is an open door here.
There is a staircase leading out of the dungeon here.
You have escaped!

####.#.####.....##.....##.[.....#
.....#.# #.....##.....##########
######.# #.....##.....#.........
#.###########.....#.........
#.........# ####............
###.........####.......#######
#..........○#..#.......#####
#.#.........'..'...........#
#.#..)......#W.#######.....#
####.#.........#..'.### #.....#
...#.#.........####..%###.....#
.#.#...........# ##.÷.##.....#
.#.#.....####### ##÷.##.....#
.#.#.....##### ##)..#.....#
.#...#.##....### #....#.#†..#
.###.#.........#####....#.#...#
...#.#............##....#.#####


There were no monsters in sight!

Vanquished Creatures
  the Royal Jelly (Slime:5)
  6 dread liches
  7 ancient liches
  4 orbs of fire (Zot:5)
  2 juggernauts
  2 antique champions (WizLab)
  Vv (Depths:2)
  6 Killer Klowns
  A curse toe (Zot:3)
  8 golden dragons
  Nikola (Shoals:4)
  A profane servitor (Depths:1)
  A bone dragon (Crypt:3)
  A Tzitzimitl (D:9)
  12 tentacled monstrosities
  3 electric golems
  A walking crystal tome (Depths:4)
  Zenata (Vaults:2)
  9 liches
  27 Orb Guardians
  Rupert (Lair:5)
  9 titans
  A walking earthen tome (Depths:2)
  5 quicksilver dragons
  3 deep elf master archers (Elf:3)
  Gastronok (Lair:3)
  4 sphinxes
  19 acid blobs
  8 death cobs
  2 deep elf blademasters (Elf:3)
  4 ancient champions
  7 shadow dragons
  12 storm dragons
  Donald (Vaults:1)
  Roxanne (Elf:3)
  Aizul (Shoals:1)
  10 azure jellies
  7 tengu reavers
  7 draconian knights
  12 draconian monks
  5 draconian scorchers
  3 revenants
  6 frost giants
  15 vault wardens
  2 iron dragons
  15 rockslimes
  10 fire giants
  9 deep elf sorcerers
  5 deep elf elementalists (Elf:3)
  Louise (Elf:3)
  3 draconian shifters
  A juggernaut zombie (Depths:3)
  8 ghost moths
  26 ironbound preservers
  3 ghouls (WizLab)
  2 orc warlords
  2 reapers
  23 very ugly things
  5 draconian stormcallers
  A caustic shrike skeleton (Depths:3)
  2 curse skulls
  7 vampire knights
  14 quicksilver oozes
  10 stone giants
  2 angels (Vaults:1)
  12 formless jellyfish
  4 draconian annihilators
  3 spriggan defenders
  6 deep elf demonologists
  11 green draconians
  5 ironbound thunderhulks
  6 deep elf annihilators
  3 minotaurs (Shoals:4)
  7 black draconians
  23 dire elephants
  10 yellow draconians
  5 war gargoyles
  11 purple draconians
  A deep elf death mage (Elf:3)
  8 white draconians
  11 red draconians
  6 spark wasps
  A merfolk impaler (Shoals:1)
  11 ettins
  2 merfolk javelineers (Shoals:3)
  5 crystal guardians
  9 fire dragons
  6 deep elf high priests
  2 green deaths
  An entropy weaver (shapeshifter) (Elf:3)
  9 entropy weavers
  11 jiangshi
  8 great orbs of eyes
  Josephine (D:10)
  Fannar (D:10)
  A spriggan zombie (Depths:3)
  8 yaktaur captains
  A ragged hierophant (Vaults:1)
  A quicksilver dragon skeleton (Depths:3)
  A servant of whispers (Desolation)
  34 vault guards
  3 rakshasas
  2 jorogumos
  2 juggernaut simulacra (WizLab)
  The ghost of Age the Deadly Accurate, a journeyman MiFi of Gozag (D:10)
  10 ogre magi
  7 boulder beetles
  5 peacekeepers
  5 hydras
  5 spriggan air magi
  2 merfolk avatars
  4 ironbound frosthearts
  3 radroaches
  A death knight (Crypt:1)
  11 ice dragons
  2 merfolk aquamancers
  17 two-headed ogres
  9 centaur warriors
  28 dancing weapons
  2 spriggan skeletons
  5 deep troll earth magi
  13 satyrs
  6 deep troll shamans
  A bennu skeleton (Crypt:1)
  6 death yaks
  7 tengu warriors
  5 vampire magi
  9 demonic crawlers
  3 soul eaters
  11 spriggan berserkers
  A storm dragon zombie (Depths:3)
  2 titan zombies (Depths:3)
  Amaemon (Lair:3)
  Sonja (Lair:2)
  17 hell knights
  4 iron trolls
  4 deep elf knights
  A skyshark (shapeshifter) (Vaults:5)
  A spectral death yak (Lair:5)
  A shadow wraith (Crypt:2)
  28 skeletal warriors
  2 skysharks
  A spectral anaconda (Lair:5)
  A storm dragon skeleton (Crypt:3)
  88 deep trolls
  14 sea snakes
  2 golden dragon zombies
  7 pharaoh ants
  9 orb spiders
  3 salamander mystics
  8 flayed ghosts
  6 arcanists
  3 occultists
  An obsidian statue (Lair:5)
  11 deep elf archers
  2 sun moths
  An anaconda zombie (Crypt:3)
  2 bunyip skeletons
  6 glowing orange brains
  3 lindwurms
  3 anaconda skeletons
  A steelbarb worm (shapeshifter) (Vaults:5)
  37 harpies
  A shadow demon (Depths:4)
  12 steelbarb worms
  An orange crystal statue (Vaults:1)
  11 phantasmal warriors
  A golden dragon skeleton (WizLab)
  A lindwurm (shapeshifter) (Vaults:5)
  9 orc knights
  19 ironbound convokers
  20 wolf spiders
  4 shining eyes
  13 necromancers
  2 orc sorcerers
  23 deep elf pyromancers
  A salamander (shapeshifter) (D:14)
  2 fire giant zombies
  59 ugly things
  18 deep elf zephyrmancers
  2 shadow dragon skeletons (Depths:3)
  8 salamanders
  2 stone giant zombies (WizLab)
  3 frost giant zombies (Depths:3)
  A naga zombie (Crypt:3)
  10 meliai (Spider:4)
  5 merfolk sirens
  28 moths of wrath
  12 fauns
  13 elephants
  17 cyclopes
  21 manticores
  3 black mambas
  22 vault sentinels
  97 slime creatures
  A water nymph (shapeshifter) (Depths:1)
  Maurice (D:8)
  A stone giant skeleton (WizLab)
  2 fire giant skeletons (Depths:3)
  An eye of devastation (shapeshifter) (Vaults:5)
  3 eyes of devastation
  An orange demon (Lair:3)
  A titan simulacrum (Crypt:2)
  Maggie (D:6)
  A smoke demon (Depths:3)
  2 water nymphs
  A gargoyle (D:11)
  3 unseen horrors
  13 cane toads
  A grey draconian zombie (Crypt:1)
  2 rime drakes
  Psyche (D:12)
  9 torpor snails
  2 dire elephant skeletons
  An efreet (D:11)
  2 naga skeletons
  10 yaktaurs
  An anaconda simulacrum (Crypt:1)
  6 kobold demonologists
  A tormentor (Zot:5)
  7 komodo dragons
  An ice devil (Zot:5)
  An alligator snapping turtle skeleton (Crypt:1)
  4 tengu conjurers
  2 freezing wraiths
  4 trolls
  A troll (shapeshifter) (D:14)
  A golden dragon simulacrum (WizLab)
  A polar bear (Lair:1)
  2 harpy zombies
  A polar bear (shapeshifter) (Elf:1)
  A red draconian skeleton (Crypt:2)
  20 merfolk
  A hornet (shapeshifter) (Vaults:5)
  10 hornets
  15 saltlings
  27 tarantellas
  5 wind drakes
  A harpy skeleton (Crypt:3)
  18 blink frogs
  A tarantella (shapeshifter) (D:14)
  9 snapping turtles
  A spectral elephant (Lair:5)
  20 dream sheep
  A jumping spider zombie (Crypt:2)
  A fire dragon zombie (Crypt:3)
  A stone giant simulacrum (WizLab)
  3 glass eyes
  A black mamba zombie (Crypt:3)
  34 jumping spiders
  3 air elementals
  2 shadows (D:11)
  3 wyverns
  21 culicivoras
  8 spriggans
  47 yaks
  2 vampires (WizLab)
  20 water elementals
  6 wraiths
  3 fire elementals
  10 golden eyes
  5 basilisks
  3 death yak simulacra (Lair:5)
  26 vampire mosquitoes
  4 spectral cane toads (Lair:5)
  A steam dragon (D:8)
  Menkaure (D:6)
  45 redbacks
  A neqoxec (D:1)
  3 wargs
  An acid dragon (D:10)
  A swamp worm (shapeshifter) (Depths:4)
  14 water moccasins
  A hydra simulacrum (Crypt:2)
  A two-headed ogre skeleton (WizLab)
  A glowing shapeshifter skeleton (Depths:3)
  7 hell hounds (D:10)
  Duvessa (D:7)
  An ettin simulacrum (WizLab)
  29 orc warriors
  2 sky beasts
  3 black bears
  An ice beast (D:7)
  5 boggarts
  34 laughing skulls
  2 elephant zombies (Lair:5)
  22 ogres
  A swamp dragon skeleton (WizLab)
  26 wolves
  A manticore skeleton (Crypt:2)
  16 centaurs
  A dream sheep skeleton (Crypt:2)
  An elephant skeleton (Lair:5)
  4 phantoms (D:6)
  8 bullfrogs
  11 kobold brigands
  2 necrophages (Crypt:3)
  A bullfrog (shapeshifter) (Elf:3)
  A cane toad simulacrum (Lair:5)
  An earth elemental (Elf:2)
  A scorpion (D:2)
  6 wights
  3 cyclops skeletons (WizLab)
  Dowan (D:7)
  An elephant simulacrum (Lair:5)
  A water moccasin skeleton (D:6)
  12 killer bees
  A polar bear skeleton (Crypt:1)
  6 electric eels
  5 howler monkeys
  A wolf skeleton (Crypt:2)
  2 centaur zombies
  A crimson imp (D:6)
  2 bullfrog zombies (D:6)
  3 hounds
  3 jellies
  2 bullfrog skeletons (D:6)
  21 orc priests
  2 centaur skeletons
  A cyclops simulacrum (WizLab)
  A gnoll bouda (D:7)
  4 iguanas
  26 orc wizards
  6 hell rats (Lair:3)
  A deep dwarf skeleton (Crypt:2)
  A crocodile skeleton (Crypt:2)
  A howler monkey zombie (D:6)
  10 gnolls
  A steam dragon zombie (Crypt:2)
  7 adders
  2 white imps
  An ufetubus (D:5)
  A dart slug (D:2)
  99 orcs
  5 ball pythons
  2 bats (D:3)
  11 endoplasms
  3 giant cockroaches
  9 goblins
  11 hobgoblins
  A jackal (D:4)
  21 kobolds
  4 quokkas
  2 frilled lizards
  10 rats
2525 creatures vanquished.

Vanquished Creatures (collateral kills)
  Frederick (Crypt:3)
  Saint Roka (Elf:2)
  A lich (Depths:2)
  A quicksilver ooze (Slime:5)
  A vampire knight (Crypt:2)
  A jorogumo (Spider:3)
  A boulder beetle (Spider:4)
  A vampire mage (Depths:2)
  A hell knight (Depths:2)
  4 orb spiders (Spider:3)
  A deep elf archer (Elf:2)
  2 deep trolls (Depths:2)
  An ogre (Elf:2)
  An orc (Elf:2)
18 creatures vanquished.

Vanquished Creatures (others)
  A draconian knight (Zot:4)
  A purple draconian (Zot:4)
  A deep elf zephyrmancer (Elf:2)
  An eye of devastation (shapeshifter) (Vaults:3)
  A slime creature (Slime:4)
5 creatures vanquished.

Grand Total: 2548 creatures vanquished

Notes
Turn   | Place    | Note
-------+----------+-------------------------------------------
     0 | D:1      | CaptainSplash the Draconian Shapeshifter began the quest
                  | for the Orb.
     0 | D:1      | Reached XP level 1. HP: 16/16 MP: 1/1
   200 | D:1      | Found a faded altar of an unknown god.
   372 | D:1      | Reached XP level 2. HP: 22/23 MP: 2/2
   600 | D:2      | Reached XP level 3. HP: 29/29 MP: 3/3
   997 | D:2      | Noticed a scorpion
  1009 | D:2      | Killed a scorpion
  1010 | D:2      | Reached XP level 4. HP: 37/37 MP: 4/4
  1377 | D:3      | Found an opulent altar of Gozag.
  1400 | D:3      | Found a shimmering blue altar of Sif Muna.
  1740 | D:3      | Reached XP level 5. HP: 28/44 MP: 5/5
  1824 | D:3      | Found a shadowy altar of Dithmenos.
  2360 | D:4      | Reached skill level 5 in Unarmed Combat
  2499 | D:4      | Found a broken altar of Ashenzari.
  2503 | D:4      | Saw a vision of the Shoals and the Spider Nest.
  2503 | D:4      | Noticed a redback
  2503 | D:4      | Noticed a jumping spider
  2503 | D:4      | Noticed a redback
  2503 | D:4      | Noticed a culicivora
  2503 | D:4      | Noticed a wolf spider
  2503 | D:4      | Noticed a boulder beetle
  2503 | D:4      | Noticed a jumping spider
  2503 | D:4      | Noticed a spark wasp
  2503 | D:4      | Noticed a jumping spider
  2503 | D:4      | Noticed a steelbarb worm
  2503 | D:4      | Noticed a culicivora
  2503 | D:4      | Noticed a manticore
  2503 | D:4      | Noticed a manticore
  2503 | D:4      | Noticed a merfolk impaler
  2503 | D:4      | Noticed a sea snake
  2503 | D:4      | Noticed a wind drake
  2503 | D:4      | Noticed an alligator snapping turtle
  2503 | D:4      | Noticed a merfolk
  2503 | D:4      | Noticed a snapping turtle
  2503 | D:4      | Noticed a moth of wrath
  2504 | D:4      | Noticed a merfolk avatar
  2505 | D:4      | Noticed a culicivora
  2506 | D:4      | Noticed a jumping spider
  2506 | D:4      | Noticed a demonic crawler
  2920 | D:4      | Reached XP level 6. HP: 21/51 MP: 6/6
  3155 | D:4      | Gained mutation: Your spells are a little easier to cast,
                  | but a little less powerful. [potion of mutation]
  3469 | D:5      | Entered Level 5 of the Dungeon
  4006 | D:5      | Your scales start taking on a rich purple colour.
  4006 | D:5      | Reached XP level 7. HP: 26/59 MP: 7/7
  4453 | D:6      | Found a staircase to the Ecumenical Temple.
  4459 | Temple   | Entered the Ecumenical Temple
  4469 | D:6      | Noticed Menkaure
  4474 | D:6      | Noticed Maggie
  4482 | D:6      | Found a radiant altar of Vehumet.
  4482 | D:6      | Found a burning altar of Makhleb.
  4543 | D:6      | Reached skill level 5 in Shapeshifting
  4718 | D:6      | Reached skill level 5 in Fighting
  4721 | D:6      | Reached XP level 8. HP: 61/68 MP: 8/8
  4903 | D:6      | Identified the +0 pair of gloves of Responsibility {rF++}
  4989 | D:6      | Killed Menkaure
  5536 | D:7      | Noticed Duvessa
  5537 | D:7      | Noticed Dowan
  5563 | D:7      | Killed Duvessa
  5564 | D:7      | Reached XP level 9. HP: 59/75 MP: 9/9
  5564 | D:7      | Killed Dowan
  5858 | D:7      | Found a stormy altar of Qazlal.
  6150 | D:7      | Became a worshipper of Qazlal Stormbringer
  6295 | D:7      | Noticed a manticore
  6379 | D:6      | Killed Maggie
  6455 | D:8      | Reached skill level 1 in Invocations
  6562 | D:8      | Reached skill level 10 in Unarmed Combat
  6606 | D:8      | Paralysed by a hornet for 1 turns
  6609 | D:8      | Reached skill level 2 in Invocations
  6622 | D:8      | Noticed Maurice
  6652 | D:8      | Killed Maurice
  6653 | D:8      | Reached XP level 10. HP: 57/88 MP: 11/11
  6822 | D:8      | Reached * piety under Qazlal
  6926 | D:8      | Identified the +0 scale mail of Boredom {rPois rF+ MP+9
                  | Dex+3}
  6940 | D:8      | Reached skill level 3 in Invocations
  6961 | D:8      | Found a sacrificial altar of Ru.
  7301 | D:9      | Noticed a two-headed ogre
  7335 | D:9      | Noticed a cyclops
  7390 | D:9      | Found Abriyro's Book Boutique.
  7406 | D:9      | Noticed a two-headed ogre
  7741 | D:9      | Reached skill level 4 in Invocations
  7759 | D:9      | Reached ** piety under Qazlal
  7842 | D:9      | Found a flagged portal.
  7849 | Bailey   | Entered a bailey
  7867 | Bailey   | Noticed an orc warlord
  7893 | Bailey   | Noticed an orc knight
  7920 | Bailey   | Killed an orc knight
  7965 | Bailey   | Noticed an orc knight
  7998 | Bailey   | Killed an orc knight
  7999 | Bailey   | Reached skill level 5 in Invocations
  8052 | Bailey   | Found a runed translucent gate.
  8054 | Bailey   | Found a runed translucent gate.
  8056 | Bailey   | Found a runed translucent gate.
  8259 | D:9      | Acquired 265 gold pieces
  8301 | D:9      | Bought a book of Lightning for 468 gold pieces
  8301 | D:9      | Bought an Inescapable Atlas for 208 gold pieces
  8304 | D:9      | Learned a level 2 spell: Blink
  8465 | D:9      | Killed a cyclops
  8466 | D:9      | Reached XP level 11. HP: 97/97 MP: 13/15
  8493 | D:10     | Entered Level 10 of the Dungeon
  8493 | D:10     | Found a staircase to the Orcish Mines.
  8554 | D:10     | Found an iron altar of Okawaru.
  8650 | D:10     | Found Gyly's General Store.
  8721 | D:10     | Reached *** piety under Qazlal
  8820 | D:10     | Found a runed translucent gate.
  8820 | D:10     | Found a runed translucent gate.
  8820 | D:10     | Noticed Age's ghost (journeyman MiFi)
  8971 | D:10     | Noticed Fannar
  9042 | D:9      | Paralysed by a hornet for 1 turns
  9167 | D:9      | Acquired a +2 cloak of poison resistance
  9416 | D:9      | Killed a two-headed ogre
  9417 | D:9      | Reached skill level 6 in Invocations
  9504 | D:10     | Found a portal to a secret trove of treasure.
  9536 | D:10     | Found a runed translucent gate.
  9558 | D:10     | Found Etsuxamu's Lightly-Used Armoury.
  9938 | D:11     | Noticed a two-headed ogre
  9947 | D:11     | Killed a two-headed ogre
 10297 | D:11     | Found a staircase to the Lair.
 10489 | D:11     | Noticed an orc knight
 10498 | D:11     | Killed an orc knight
 10499 | D:11     | Reached skill level 10 in Fighting
 10517 | D:11     | Noticed an orc knight
 10699 | D:11     | Noticed a two-headed ogre
 10718 | D:11     | Reached skill level 1 in Spellcasting
 10773 | D:11     | Reached skill level 7 in Invocations
 10807 | D:11     | Noticed a deep elf zephyrmancer
 10809 | D:11     | Noticed a green ugly thing
 10814 | D:11     | Killed a deep elf zephyrmancer
 10816 | D:11     | Noticed a centaur warrior
 10820 | D:11     | Killed a red ugly thing
 10893 | D:11     | Killed a centaur warrior
 10930 | D:11     | Reached XP level 12. HP: 64/106 MP: 17/17
 11029 | Lair:1   | Entered Level 1 of the Lair of Beasts
 11106 | Lair:1   | Reached skill level 10 in Shapeshifting
 11135 | Lair:1   | Reached skill level 5 in Dodging
 11205 | Lair:1   | Acquired the +2 kite shield of the Hungering Gods {rElec
                  | rPois rN+ rCorr}
 11226 | Lair:1   | Reached **** piety under Qazlal
 11258 | Lair:1   | Reached skill level 8 in Invocations
 11690 | Lair:2   | Noticed Sonja
 11701 | Lair:1   | Reached skill level 1 in Translocations
 11834 | Lair:2   | Killed Sonja
 12303 | Lair:2   | Found a hole to the Spider Nest.
 12627 | Lair:3   | Noticed Amaemon
 12635 | Lair:3   | Reached ***** piety under Qazlal
 12657 | Lair:3   | Reached XP level 13. HP: 114/114 MP: 19/19
 12663 | Lair:3   | Killed Amaemon
 12673 | Lair:3   | Noticed Gastronok
 12685 | Lair:3   | Killed Gastronok
 12686 | Lair:3   | Reached skill level 9 in Invocations
 12735 | Lair:3   | Learned a level 4 spell: Vhi's Electric Charge
 12884 | Lair:3   | Found a staircase to the Shoals.
 13396 | Lair:4   | Reached skill level 1 in Air Magic
 13702 | Lair:4   | You fall into a shaft and drop 1 floor!
 13702 | Lair:5   | Entered Level 5 of the Lair of Beasts
 13725 | Lair:5   | Noticed Rupert
 13748 | Lair:5   | Killed Rupert
 13837 | Lair:5   | Reached skill level 5 in Spellcasting
 13898 | Lair:5   | Reached XP level 14. HP: 124/124 MP: 21/21
 13942 | Lair:5   | Reached skill level 10 in Invocations
 14452 | Lair:4   | Found a staircase to the Slime Pits.
 14453 | Lair:4   | Found a viscous altar of Jiyva.
 15171 | Lair:5   | Reached ****** piety under Qazlal
 15278 | Lair:5   | Reached skill level 1 in Evocations
 15580 | Lair:5   | HP: 4/126 [dire elephant (24)]
 16191 | D:11     | Reached skill level 5 in Air Magic
 16248 | D:10     | Killed Fannar
 16528 | D:10     | Noticed Josephine
 16532 | D:10     | Killed Josephine
 16703 | D:10     | Reached skill level 11 in Invocations
 16775 | D:10     | You paid a toll of a +5 demon blade to enter a treasure
                  | trove
 16776 | Trove    | Entered a treasure trove
 16781 | Trove    | Found the +3 greatsling "Punk" {acid, rCorr}
 16804 | Trove    | Identified the ring of the Dropbear {Fire rPois Str+3
                  | Dex+3}
 16810 | Trove    | Identified the +2 pair of gloves "Afyridgh" {+Inv rPois
                  | rCorr MP+9 Dex-3 SInv}
 17674 | Orc:1    | Entered Level 1 of the Orcish Mines
 17682 | Orc:1    | Reached XP level 15. HP: 106/123 MP: 20/24
 18003 | Orc:2    | Entered Level 2 of the Orcish Mines
 18397 | Orc:2    | Reached skill level 5 in Evocations
 18454 | Orc:2    | Reached skill level 5 in Translocations
 18591 | Orc:2    | Found a staircase to the Elven Halls.
 18731 | Orc:2    | Found Tan Bunay's Book Shop.
 18731 | Orc:2    | Found Meesogux's Antique Armour Shoppe.
 18731 | Orc:2    | Found Dyuwonn's General Store.
 18731 | Orc:2    | Found Waeseska's Book Boutique.
 18738 | Orc:2    | Bought a scroll of identify for 28 gold pieces
 18738 | Orc:2    | Bought a potion of curing for 42 gold pieces
 18917 | Orc:2    | Found Xuar's Magic Scroll Boutique.
 18920 | Orc:2    | Bought a scroll of identify for 26 gold pieces
 18920 | Orc:2    | Bought a scroll of enchant armour for 97 gold pieces
 18920 | Orc:2    | Bought a scroll of identify for 26 gold pieces
 18920 | Orc:2    | Bought a scroll of fog for 52 gold pieces
 18920 | Orc:2    | Bought a scroll of teleportation for 39 gold pieces
 19194 | D:12     | Noticed Psyche
 19196 | D:12     | Killed Psyche
 19254 | D:12     | Found a transporter.
 20004 | D:13     | Reached skill level 12 in Invocations
 20396 | D:13     | Found Vivu's Distillery.
 20401 | D:13     | Bought a potion of brilliance for 72 gold pieces
 20401 | D:13     | Bought a potion of resistance for 180 gold pieces
 20401 | D:13     | Bought 2 potions of haste for 360 gold pieces
 20726 | D:14     | Found an ancient bone altar of Kikubaaqudgha.
 20977 | D:14     | Found a gate to the Vaults.
 21443 | D:14     | Reached XP level 16. HP: 139/139 MP: 26/26
 21969 | Lair:3   | Upgraded the game from 0.31-a0-744-gbc345e7fcb to
                  | 0.31-a0-750-gfe7b580527
 21969 | Lair:3   | Upgraded the game from 0.31-a0-750-gfe7b580527 to
                  | 0.31-a0-1576-ga3383bade6
 22148 | D:9      | Found a glowing silver altar of Zin.
 22238 | D:9      | Learned a level 4 spell: Manifold Assault
 22243 | D:9      | Learned a level 4 spell: Passage of Golubria
 22273 | D:10     | Killed Age's ghost
 22499 | Shoals:1 | Entered Level 1 of the Shoals
 22511 | Shoals:1 | Identified the serpent talisman of Kaimoo {rF- Int+5}
 22511 | Shoals:1 | Noticed Aizul
 22525 | Shoals:1 | Reached skill level 1 in Shields
 22536 | Shoals:1 | Killed Aizul
 22547 | Shoals:1 | Reached skill level 15 in Unarmed Combat
 23697 | Shoals:2 | Reached skill level 13 in Invocations
 24702 | Shoals:3 | Reached skill level 5 in Shields
 24732 | Shoals:3 | Identified the +9 broad axe "Apyut" {chaos, rPois rC+ rCorr
                  | Dex-3}
 25430 | Shoals:4 | Entered Level 4 of the Shoals
 25507 | Shoals:4 | Reached XP level 17. HP: 148/148 MP: 27/27
 25642 | Shoals:4 | Noticed Nikola
 25650 | Shoals:4 | Killed Nikola
 25959 | Shoals:4 | Noticed a sphinx
 25971 | Shoals:4 | Killed a sphinx
 26104 | Shoals:4 | Got Hermeneutics, and How To Use It
 26339 | Shoals:4 | Got a barnacled rune of Zot
 26774 | Elf:1    | Entered Level 1 of the Elven Halls
 26858 | Elf:1    | Found a flickering gateway to a bazaar.
 26889 | Bazaar   | Entered a bazaar
 26892 | Bazaar   | Found Luxitt's Armour Shop.
 26905 | Bazaar   | Found Texal's Magic Scroll Boutique.
 26912 | Bazaar   | Bought a scroll of teleportation for 54 gold pieces
 26940 | Bazaar   | Found Touwau Omma's Antique Armour Boutique.
 26941 | Bazaar   | Found Yfoiss's Weapon Shop.
 26959 | Bazaar   | Bought a +2 demon whip of venom for 420 gold pieces
 26978 | Bazaar   | Bought a scroll of revelation for 135 gold pieces
 26978 | Bazaar   | Bought a scroll of amnesia for 72 gold pieces
 27116 | Elf:1    | Reached skill level 14 in Invocations
 27346 | Elf:1    | Identified the amulet "Benanerch" {Spirit Slay+2}
 28479 | Elf:2    | Paralysed by an air elemental for 1 turns
 28603 | Elf:2    | Reached XP level 18. HP: 156/157 MP: 28/28
 28680 | Elf:2    | Learned a level 6 spell: Plasma Beam
 28752 | Elf:2    | Noticed Saint Roka
 28760 | Elf:2    | Killed Saint Roka
 29302 | Elf:2    | Found a runed translucent gate.
 29303 | Elf:2    | Found a runed translucent gate.
 29303 | Elf:2    | Found a runed translucent gate.
 29340 | Elf:3    | Entered Level 3 of the Elven Halls
 29342 | Elf:3    | Paralysed by an air elemental for 1 turns
 29366 | Elf:3    | Found Lumipoxt's Magic Scroll Boutique.
 29372 | Elf:3    | Bought a scroll of fog for 68 gold pieces
 29372 | Elf:3    | Bought a scroll of fear for 68 gold pieces
 29372 | Elf:3    | Bought a scroll of fear for 68 gold pieces
 29372 | Elf:3    | Bought a scroll of butterflies for 68 gold pieces
 29372 | Elf:3    | Bought a scroll of teleportation for 51 gold pieces
 29372 | Elf:3    | Bought a scroll of teleportation for 51 gold pieces
 29481 | Elf:3    | Noticed Louise
 29486 | Elf:3    | Killed Louise
 29487 | Elf:3    | Reached skill level 1 in Fire Magic
 29519 | Elf:3    | Learned a level 1 spell: Apportation
 29950 | Elf:3    | Found a shimmering altar of Xom.
 29977 | Elf:3    | Found Zadduh Fug's Antique Weapon Boutique.
 30042 | Elf:3    | Found Hestrateh's General Store.
 30053 | Elf:3    | Bought a potion of haste for 150 gold pieces
 30053 | Elf:3    | Bought a potion of heal wounds for 75 gold pieces
 30144 | Elf:3    | Noticed Roxanne
 30176 | Elf:3    | Reached skill level 10 in Shields
 30485 | Elf:3    | Identified the +1 falchion of the Shore {heavy, rC+}
 30680 | Elf:3    | Killed Roxanne
 30894 | Elf:3    | Identified the ring "Ixemo" {+Blink rC++ Str-4 SInv Stlth+}
 30897 | Elf:3    | Identified the ring of the Usurping Messenger {rN++ Str+6}
 31088 | Elf:3    | Got the Codex of Pyromania and Virulence
 31127 | Elf:3    | Identified the +8 plate armour of Syndicalism {Str-4 Int+5}
 31157 | Elf:3    | Found the +16 obsidian axe {drain, demonic, Mesm ^Drain Fly
                  | SInv}
 31505 | Spider:1 | Entered Level 1 of the Spider Nest
 32076 | Spider:1 | Reached skill level 15 in Invocations
 32768 | Spider:2 | Reached XP level 19. HP: 168/168 MP: 26/30
 34751 | Spider:3 | Reached skill level 5 in Fire Magic
 35360 | Spider:4 | Entered Level 4 of the Spider Nest
 36333 | Spider:4 | Reached skill level 15 in Fighting
 36609 | Spider:4 | Reached skill level 10 in Translocations
 37157 | Spider:4 | Got a gossamer rune of Zot
 37818 | D:15     | Entered Level 15 of the Dungeon
 38117 | D:15     | Reached skill level 16 in Invocations
 38632 | D:15     | Noticed Etsiduud's ghost (journeyman MiFi)
 38647 | D:15     | Found a transporter.
 38675 | D:15     | Found a transporter.
 38677 | D:15     | Got the Volume of the Translocational Damned
 38911 | D:15     | Reached XP level 20. HP: 178/178 MP: 28/32
 39152 | D:15     | Found a staircase to the Depths.
 39302 | Vaults:1 | Entered Level 1 of the Vaults
 39324 | Vaults:1 | Found Ymannagy's Assorted Antiques.
 39488 | Vaults:1 | Noticed Donald
 39492 | Vaults:1 | Killed Donald
 39582 | Vaults:1 | Found a glowing golden altar of the Shining One.
 39582 | Vaults:1 | Found a glowing silver altar of Zin.
 39584 | Vaults:1 | Found a crumbling gateway.
 39593 | Vaults:1 | Found a white marble altar of Elyvilon.
 39643 | Desolati | Entered the Desolation of Salt
 39669 | Desolati | Identified the +5 battleaxe "Kilotaiz" {elec, rC- rN+
                  | Int+6}
 40164 | Vaults:1 | Bought a scroll of blinking for 292 gold pieces
 40164 | Vaults:1 | Bought a potion of haste for 390 gold pieces
 40164 | Vaults:1 | Bought a scroll of fog for 156 gold pieces
 40164 | Vaults:1 | Bought a wand of roots (4) for 374 gold pieces
 40820 | Vaults:2 | Found Xevy's Assorted Antiques.
 40848 | Vaults:2 | Bought a potion of enlightenment for 190 gold pieces
 40848 | Vaults:2 | Bought a potion of heal wounds for 190 gold pieces
 40931 | Vaults:2 | Noticed Zenata
 41152 | Vaults:2 | Found Oroh Maip's General Store.
 41345 | Vaults:2 | Reached skill level 17 in Invocations
 41496 | Vaults:2 | You are sucked into a shaft and drop 2 floors!
 41784 | Vaults:4 | Reached skill level 10 in Air Magic
 42036 | Vaults:4 | Reached XP level 21. HP: 184/184 MP: 33/33
 42496 | Vaults:2 | Found Tevinlurch's Distillery.
 42500 | Vaults:2 | Bought a potion of heal wounds for 75 gold pieces
 42500 | Vaults:2 | Upgraded the game from 0.31-a0-1576-ga3383bade6 to
                  | 0.31-a0-1589-g8f5e8aebd6
 43142 | Vaults:2 | Killed Zenata
 43269 | Vaults:2 | Found Jocluh's Armour Emporium.
 43325 | Vaults:2 | Found Ysuhorud's Book Shoppe.
 43326 | Vaults:2 | Found a staircase to the Crypt.
 43794 | Vaults:3 | Identified the +1 pair of gloves of Untruth {*Slow rElec
                  | rN++ Str+6}
 44360 | Vaults:3 | Reached skill level 18 in Invocations
 44769 | Vaults:3 | Found a runed translucent gate.
 44769 | Vaults:3 | Found a runed translucent gate.
 44769 | Vaults:3 | Found a runed translucent gate.
 44771 | Vaults:3 | Noticed Luiw's ghost (veteran HOBe)
 45637 | Vaults:4 | Noticed an ancient lich
 45646 | Vaults:4 | Killed an ancient lich
 45686 | Vaults:4 | Learned a level 5 spell: Silence
 45755 | Vaults:4 | Reached skill level 10 in Fire Magic
 45946 | Vaults:4 | Learned a level 7 spell: Orb of Destruction
 46336 | Depths:1 | Entered Level 1 of the Depths
 46766 | D:15     | Acquired 665 gold pieces
 46783 | Depths:1 | Found a one-way gateway to a ziggurat.
 46846 | D:15     | Reached XP level 22. HP: 126/193 MP: 27/35
 47117 | Depths:1 | Found a gateway to Hell.
 47222 | Depths:1 | Found Lebluvvoaf's Assorted Antiques.
 47251 | Depths:1 | Found an opulent altar of Gozag.
 47279 | Depths:1 | Found Gozag's Platinum Reserve.
 47311 | Depths:1 | Identified the +9 scimitar of the Gnat {elec, rElec Int+7}
 47355 | Depths:1 | You are sucked into a shaft and drop 1 floor!
 47355 | Depths:2 | Noticed a juggernaut
 47355 | Depths:2 | Found a one-way gate leading to the halls of Pandemonium.
 47355 | Depths:2 | Found a runed translucent door.
 47368 | Depths:2 | Noticed Vv
 47495 | Depths:2 | Identified the +0 plate armour of the Insatiable Seers
                  | {Regen+ Str-5 Int+5}
 47500 | Depths:2 | Identified the +0 great sword of Pegg {heavy, ^Contam rCorr
                  | Str+3 Int+5}
 48170 | Depths:2 | Killed a juggernaut
 48256 | Depths:2 | Found a runed translucent door.
 48275 | Depths:2 | Killed Vv
 48437 | Depths:2 | Identified the +3 hand axe "Siklool" {freeze, Will+++ Int-2
                  | Dex+4}
 48462 | Depths:2 | Reached skill level 19 in Invocations
 48577 | Depths:2 | Found a one-way gate to the infinite horrors of the Abyss.
 49567 | Depths:3 | Found a stormy altar of Qazlal.
 49593 | Depths:3 | Identified the +8 demon trident of Freezing Gallantry
                  | {freeze, rC+ rCorr}
 49808 | Depths:3 | Reached XP level 23. HP: 204/204 MP: 23/36
 50166 | Depths:3 | Acquired the amulet of Autumn {Reflect Int+2 Dex+6 SH+5}
 50413 | Depths:4 | Entered Level 4 of the Depths
 50415 | Depths:4 | Noticed a juggernaut
 50513 | Depths:3 | Killed a juggernaut
 51920 | Depths:4 | Found Pumma's Jewellery Shop.
 51923 | Depths:4 | Found Uhyd's Book Shoppe.
 51924 | Depths:4 | Found Meivvudihe's Jewellery Shop.
 52207 | Depths:4 | Found a gate to the Realm of Zot.
 52572 | Crypt:1  | Entered Level 1 of the Crypt
 52880 | Crypt:1  | Reached skill level 20 in Invocations
 52904 | Crypt:1  | Found a magical portal.
 53000 | Crypt:1  | Upgraded the game from 0.31-a0-1589-g8f5e8aebd6 to
                  | 0.31-a0-1591-g515db51633
 53008 | WizLab   | Entered Zonguldrok's Shrine
 53430 | WizLab   | Identified the +5 double sword of the Hand {pain, rElec
                  | Will+ Str+2}
 53430 | WizLab   | Noticed an antique champion
 53430 | WizLab   | Noticed an antique champion
 53443 | WizLab   | Killed an antique champion
 53464 | WizLab   | Killed an antique champion
 53735 | WizLab   | Identified the +7 kite shield of Daisies {Str+4}
 53737 | WizLab   | Identified the +3 shadow dragon scales of Lifelessness
                  | {rElec rF+ Str+3 Stlth++++}
 53765 | WizLab   | Got Kikubaaqudgha's Incunable of the Catacomb
 53787 | WizLab   | Acquired the amulet of the Mutiny {Reflect ^Drain rElec
                  | Str+2 Int+2 SH+5}
 54027 | Crypt:1  | Reached skill level 10 in Dodging
 54846 | Crypt:2  | Got Sif Muna's Papyrus of Collective Misfortune
 56466 | Crypt:3  | Entered Level 3 of the Crypt
 56654 | Crypt:3  | Reached XP level 24. HP: 213/215 MP: 32/37
 56769 | Crypt:3  | Reached skill level 15 in Shields
 57127 | Crypt:3  | Identified the orb of the Thirsty Artisans {*channel, rF+
                  | rCorr}
 57127 | Crypt:3  | Noticed Frederick
 57135 | Crypt:3  | Killed Frederick
 57504 | Crypt:3  | Noticed a dread lich
 57528 | Crypt:3  | Killed a dread lich
 57625 | Crypt:3  | Found a basalt altar of Yredelemnul.
 57656 | Crypt:3  | Found the +9 sword of Zonguldrok {reap}
 58257 | Crypt:3  | Found a staircase to the Tomb.
 58822 | Slime:1  | Entered Level 1 of the Pits of Slime
 58966 | Lair:4   | Paralysed by a formless jellyfish for 1 turns
 59080 | Slime:1  | Gained mutation: You sometimes lose your temper in combat.
                  | [a shining eye]
 59080 | Slime:1  | Gained mutation: Your body sometimes deteriorates upon
                  | taking damage. [a shining eye]
 59105 | Slime:1  | Lost mutation: Your spells are a little easier to cast, but
                  | a little less powerful. [potion of mutation]
 59105 | Slime:1  | Lost mutation: You sometimes lose your temper in combat.
                  | [potion of mutation]
 59105 | Slime:1  | Lost mutation: Your body sometimes deteriorates upon taking
                  | damage. [potion of mutation]
 59105 | Slime:1  | Gained mutation: You are agile. (Dex +4, Str/Int -1)
                  | [potion of mutation]
 59105 | Slime:1  | Gained mutation: Your tail ends in a venomous barb. [potion
                  | of mutation]
 59446 | Slime:2  | Gained mutation: You sometimes lose your temper in combat.
                  | [a shining eye]
 59449 | Slime:1  | Lost mutation: You are agile. (Dex +4, Str/Int -1) [potion
                  | of mutation]
 59449 | Slime:1  | Lost mutation: You sometimes lose your temper in combat.
                  | [potion of mutation]
 59449 | Slime:1  | Gained mutation: You have a somewhat thin skeletal
                  | structure. (Dex +2, Stealth+) [potion of mutation]
 59449 | Slime:1  | Gained mutation: Your tail ends in a sharp venomous barb.
                  | [potion of mutation]
 59449 | Slime:1  | Gained mutation: You are resistant to electric shocks.
                  | (rElec) [potion of mutation]
 59923 | Slime:1  | Reached skill level 15 in Air Magic
 60187 | Slime:2  | Paralysed by a formless jellyfish for 1 turns
 61664 | Slime:5  | Entered Level 5 of the Pits of Slime
 61669 | Slime:5  | Found the +8 Vampire's Tooth {megavamp}
 61686 | Slime:5  | Noticed the Royal Jelly
 62557 | Slime:5  | Found a viscous altar of Jiyva.
 62784 | Slime:5  | Killed the Royal Jelly
 62785 | Slime:5  | Reached skill level 21 in Invocations
 63028 | Slime:5  | Identified the staff of the Scavenger {rElec Int+2 Air}
 63192 | Slime:5  | Identified the +6 mace of Wasuwnua {holy, Str+2}
 63258 | Slime:5  | Got a slimy rune of Zot
 63263 | Slime:5  | Identified the +0 hand axe of Expedience {flame, rCorr
                  | Str+3}
 63627 | Vaults:5 | Entered Level 5 of the Vaults
 63632 | Vaults:5 | Reached XP level 25. HP: 223/226 MP: 26/37
 63634 | Vaults:5 | Noticed a dread lich
 63657 | Vaults:5 | Killed a dread lich
 63681 | Vaults:5 | Noticed an ancient lich
 63694 | Vaults:5 | Killed an ancient lich
 63903 | Vaults:5 | Identified the ring "Qach" {rPois Dex+3}
 64027 | Vaults:5 | Identified the +9 dagger of the Key {heavy, Str+3 Int-2
                  | Stlth+}
 64075 | Vaults:5 | Noticed an ancient lich
 64095 | Vaults:5 | Killed an ancient lich
 64141 | Vaults:5 | Identified the +6 war axe of Spores {flame, rElec rPois
                  | Dex-5 Stlth+}
 64212 | Vaults:5 | Got a silver rune of Zot
 64223 | Vaults:5 | Identified the +0 scale mail of the Old World {+Inv rF-
                  | rN++ rCorr}
 64421 | Vaults:5 | Noticed an ancient lich
 64433 | Vaults:5 | Killed an ancient lich
 64576 | Vaults:5 | Got Duihu's Elucidation of the Discharge
 64578 | Vaults:5 | Got the Elucidation of Red Metal
 64744 | Vaults:5 | Got the Folio of Postmortem Graupel
 65194 | Vaults:5 | Identified the ring "Maruasoi" {Fly Dex+6 Stlth-}
 65510 | Zot:1    | Entered Level 1 of the Realm of Zot
 66228 | Zot:1    | Identified the ring "Rumn" {rF+ rC+ rCorr}
 66751 | Zot:2    | Found a transporter.
 67725 | Zot:2    | Found a transporter.
 68098 | Zot:2    | Reached XP level 26. HP: 238/238 MP: 16/37
 68490 | Zot:3    | Reached skill level 22 in Invocations
 69510 | Zot:3    | Reached skill level 15 in Translocations
 70371 | Zot:3    | Acquired the ring "Qeriopho" {rCorr Str+4 Dex+3 SInv}
 70484 | Zot:3    | Identified the +0 falchion of Qagec {holy, rPois Will+
                  | Stlth-}
 71817 | Zot:5    | Entered Level 5 of the Realm of Zot
 72804 | Zot:5    | Noticed an orb of fire
 72810 | Zot:5    | Killed an orb of fire
 72812 | Zot:5    | Noticed an orb of fire
 72824 | Zot:5    | Noticed an ancient lich
 72832 | Zot:5    | Killed an orb of fire
 72849 | Zot:5    | Killed an ancient lich
 72884 | Zot:5    | Noticed an ancient lich
 72950 | Zot:5    | Killed an ancient lich
 72998 | Zot:5    | Noticed an orb of fire
 73003 | Zot:5    | Gained mutation: You occasionally shout uncontrollably at
                  | your foes. [an orb of fire]
 73009 | Zot:5    | Gained mutation: Your body sometimes deteriorates upon
                  | taking damage. [an orb of fire]
 73010 | Zot:5    | Gained mutation: You are clumsy. (Dex -2) [an orb of fire]
 73013 | Zot:5    | Killed an orb of fire
 73183 | Zot:5    | Noticed a dread lich
 73191 | Zot:5    | Killed a dread lich
 73192 | Zot:5    | Noticed a dread lich
 73197 | Zot:5    | Killed a dread lich
 73297 | Zot:5    | Noticed an ancient lich
 73300 | Zot:5    | Noticed an orb of fire
 73307 | Zot:4    | Reached XP level 27. HP: 167/248 MP: 31/38
 73542 | Zot:5    | Killed an ancient lich
 73542 | Zot:5    | Gained mutation: You are very clumsy. (Dex -4) [an orb of
                  | fire]
 73549 | Zot:5    | Gained mutation: Your spells are a little easier to cast,
                  | but a little less powerful. [an orb of fire]
 73561 | Zot:5    | Killed an orb of fire
 73562 | Zot:5    | Reached skill level 23 in Invocations
 73582 | Zot:5    | Noticed a dread lich
 73601 | Zot:5    | Killed a dread lich
 73748 | Zot:5    | Lost mutation: You have a somewhat thin skeletal structure.
                  | (Dex +2, Stealth+) [potion of mutation]
 73748 | Zot:5    | Lost mutation: You occasionally shout uncontrollably at
                  | your foes. [potion of mutation]
 73748 | Zot:5    | Gained mutation: Your muscles are strong. (Str +4, Int/Dex
                  | -1) [potion of mutation]
 73748 | Zot:5    | Gained mutation: You are strong-willed. (Will+) [potion of
                  | mutation]
 73749 | Zot:5    | Lost mutation: Your spells are a little easier to cast, but
                  | a little less powerful. [potion of mutation]
 73749 | Zot:5    | Lost mutation: You are very clumsy. (Dex -4) [potion of
                  | mutation]
 73749 | Zot:5    | Lost mutation: You are clumsy. (Dex -2) [potion of
                  | mutation]
 73749 | Zot:5    | Gained mutation: You are dopey. (Int -2) [potion of
                  | mutation]
 73749 | Zot:5    | Gained mutation: You have hidden genetic potential. [potion
                  | of mutation]
 73749 | Zot:5    | Gained mutation: You have sharp fingernails. [potion of
                  | mutation]
 74062 | Zot:5    | Noticed a dread lich
 74073 | Zot:5    | Killed a dread lich
 74556 | Zot:5    | Got the Orb of Zot
 74604 | Zot:5    | Noticed Lag Irch the pandemonium lord
 75097 | D:$      | Escaped with the Orb!

Illustrated notes

Levels and vault maps discovered:
D:1:      dpeg_arrival_ratfight, layout_basic, dreamdust_ecumenical_altar_grove
D:2:      layout_loops_cross
D:3:      layout_loops_corners, mainiacjoe_overflow_big_doors,
          overflow_temple_1_default
D:4:      layout_loops_corners, grunt_ashenzari_visionary
          [grunt_ashenzari_visionary_shoals, grunt_ashenzari_visionary_spider],
          minmay_pentangle
D:5:      layout_basic
D:6:      layout_rooms, grunt_temple_overflow_lords_of_destruction,
          temple_green, serial_undead, serial_undead_d, serial_undead_f,
          serial_undead_a, serial_undead_a, uniq_menkaure, uniq_maggie
D:7:      dreamdust_elfheim, layout_basic, mainiacjoe_overflow_alcove_4,
          st_stairs_10, kb_rosetta
D:8:      layout_basic, nicolae_ru_awakened_eye, kennysheep_small_circle,
          uniq_maurice
D:9:      layout_loops_ring, zin_angel, serial_shops, shop, enter_bailey_4,
          grunt_ministairs_15
D:10:     layout_stronghold, kennysheep_little_box, orc_david_3,
          gammafunk_ghost_nasty_kobolds, enter_trove_2, serial_shops,
          nicolae_shop_tiny_glass, minmay_shop_damaged, minmay_rotating_lava,
          uniq_fannar, uniq_josephine
D:11:     layout_basic, david_lair_shrubbed, minmay_evil_grid
D:12:     layout_roguey, nicolae_diode_basic, uniq_psyche
D:13:     layout_stronghold, serial_shops, shop, feat_on_display
D:14:     layout_loops_corners, lightli_vaults_fourway_checkpoint,
          nicolae_kikubaaqudgha_miasma_corner
D:15:     grunt_enter_depths_hoard, layout_cave_pools, gammafunk_ghost_hive,
          hangedman_decor_clover_reticule, serial_rivers,
          chequers_serial_rivers_large_a, chequers_serial_rivers_marsh,
          chequers_serial_rivers_room_a, chequers_serial_rivers_small_3,
          chequers_serial_rivers_small_3, chequers_serial_rivers_small_b,
          hangedman_decor_push, lemuel_old_faithful
Temple:   minmay_temple_forest_path
Lair:1:   layout_hall_layers
Lair:2:   layout_regular_city, spider_nest_entry_rubble, grunt_megastairs_2,
          infiniplex_staircase_pool_2, uniq_sonja
Lair:3:   layout_long_grid, minmay_shoals_entry_centaurs, serial_bayou,
          serial_bayou_lagoon_a, serial_bayou_lake_a, serial_bayou_pond_e,
          serial_bayou_crossing, cheibrodos_lair_caveside_slide, uniq_amaemon,
          uniq_gastronok
Lair:4:   layout_misc_corridors, dpeg_slime_entry_corner, lemuel_fruit_fields,
          infiniplex_staircase_pool
Lair:5:   due_jungle_book, layout_regular_city, grunt_megastairs_5,
          serial_bayou_shore_b, uniq_rupert
Shoals:1: layout_shoals, nicolae_shoals_stone_sculpture_thing, uniq_aizul
Shoals:2: layout_shoals, st_cyclops, nicolae_shoals_former_cling_halls
Shoals:3: layout_shoals
Shoals:4: shoals_end_hellmonk_lost_city, uniq_nikola
Spider:1: layout_spider_delve, nicolae_spider_moth_buddies
Spider:2: layout_cave_pods
Spider:3: layout_spider_delve, spiders_nest_spider_trap
Spider:4: hellmonk_spider_rune_bug_friends
Slime:1:  layout_caves
Slime:2:  layout_caves
Slime:3:  layout_caves
Slime:4:  layout_caves, nicolae_slime_getting_an_eyeful
Slime:5:  slime_pit_nicolae_inversion
Orc:1:    layout_caves, minmay_orc_temple_a
Orc:2:    st_orc_ogre_mass, layout_diamond_mine, serial_shops,
          nicolae_shop_behind_doors
Elf:1:    elf_arrival_001, layout_loops_corners, serial_shops, bzr_entry_gold,
          hangedman_corner_corridor, grunt_megastairs_4
Elf:2:    nicolae_elf_blades_crystal_corner, layout_geoelf_diagonals,
          uniq_saint_roka
Elf:3:    minmay_elf_hall_furrowed, layout_gridlike, serial_shops,
          nicolae_shop_getting_attention, basic_altar,
          kilobyte_mutagenic_chamber, minmay_shoptagon, uniq_louise,
          uniq_roxanne
Vaults:1: portal_desolation_entry_holy_temple, hangedman_vaults_nodes,
          ontoclasm_vaults_chip, nicolae_vaults_apartment_2,
          grunt_vaults_funnel, nicolae_vaults_trapezoid_layered,
          nicolae_vaults_triangles, nicolae_vaults_specimen_jars,
          nicolae_vaults_stepped_doors, vaults_room_stairs_pillars, v_misc_3,
          vaults_dpeg_spiral, nicolae_vaults_statue_guard,
          nicolae_vaults_shelves_hall, vaults_room_pools, layout_vaults_maze,
          serial_shops, nicolae_shop_tiny_waterfront, uniq_donald
Vaults:2: nicolae_vaults_taking_the_gang_shopping, hangedman_vaults_snaps,
          vaults_standard_mumra_x, nicolae_vaults_security_offices_4,
          grunt_vaults_swirl, nicolae_vaults_mini_display_case,
          ontoclasm_vaults_fault, nicolae_vaults_tetromino_T_1,
          layout_vaults_quadrants, serial_shops, shop, nicolae_lakefront_shop,
          shop, shop, uniq_zenata
Vaults:3: gammafunk_ghost_tricky_traps, nicolae_vaults_little_squares_4,
          ontoclasm_vaults_tryst, hangedman_vaults_capsules,
          grunt_vaults_bifocal, nicolae_vaults_shrinking_rooms_1, st_octagons_1,
          vaults_room_door_hall, nicolae_vaults_what_the_h,
          nicolae_vaults_doubleplus_tesselated,
          nicolae_vaults_offset_grid_hallway_4, nicolae_vaults_double_plus_2,
          v_misc_18, grunt_vaults_hallway_short, layout_vaults_omnibox
Vaults:4: hangedman_vaults_impose, nicolae_vaults_network_star,
          nicolae_vaults_closet_pinwheel_1, nicolae_vaults_weapon_check,
          vaults_room_boxed, nicolae_vaults_circle_grid_a,
          hangedman_vaults_river_flow, nicolae_vaults_closet_pinwheel_5,
          nicolae_vaults_little_squares_1, nicolae_vaults_little_squares_6,
          nicolae_vaults_diamond_1, layout_vaults_ring
Vaults:5
Crypt:1:  layout_catacombs, mu_enter_wizlab_5
Crypt:2:  layout_gridlike
Crypt:3:  cryptofortress_bobbens, uniq_frederick
Depths:1: layout_cave_pools, enter_ziggurat_e, patterned_corridor, serial_shops,
          nicolae_shop_overgrown_old_shop, hell_entry,
          small_chamber_with_monster, nicolae_gozag_zags_fifth_avenue
Depths:2: minmay_the_grid_triangle_9x9_recursive_3_mashed
          [minmay_the_grid_triangle_9x9_tough_junction,
          minmay_the_grid_triangle_9x9_swiss_cheese,
          minmay_the_grid_triangle_9x9_steps,
          minmay_the_grid_triangle_9x9_prize_insulated,
          minmay_the_grid_triangle_9x9_odd_lines,
          minmay_the_grid_triangle_9x9_flanged_cone,
          minmay_the_grid_triangle_9x9_pentomino_pain,
          minmay_the_grid_triangle_9x9_empty,
          minmay_the_grid_triangle_9x9_negative_grid], layout_cave_pools,
          nrook_mini_backslash, abyss_entry, grunt_metal_band, pan_entry,
          uniq_vv
Depths:3: hangedman_screamer, layout_gridlike, abyss_entry, hellmouth_1,
          nicolae_qazlal_style_of_elements, firewood_loft,
          nicolae_triple_integral, infiniplex_staircase_pillars_2
Depths:4: evilmike_zot_entry_hall, layout_cave_pools, pf_hell_entry_tar_spiral,
          abyss_entry, hangedman_abyss_or_decor_passed, nicolae_letterblocks
          [nicolae_letter_subblock, nicolae_letter_subblock,
          nicolae_letter_subblock, nicolae_letter_subblock,
          nicolae_letter_subblock, nicolae_letter_subblock,
          nicolae_letter_subblock, nicolae_letter_subblock,
          nicolae_letter_subblock, nicolae_letter_subblock,
          nicolae_letter_subblock, nicolae_letter_subblock,
          nicolae_letter_subblock, nicolae_letter_subblock,
          nicolae_letter_subblock, nicolae_letter_subblock,
          nicolae_letter_subblock, nicolae_letter_subblock,
          nicolae_letter_subblock, nicolae_letter_subblock,
          nicolae_letter_subblock, nicolae_letter_subblock,
          nicolae_letter_subblock, nicolae_letter_subblock,
          nicolae_letter_subblock], minmay_shop_grove
Zot:1:    layout_concentric_octagons, regret_index_zotdec_zees
Zot:2:    gammafunk_its_a_trap, layout_gridlike
Zot:3:    layout_cathedral_of_symmetry
Zot:4:    layout_gridlike, regret_index_zotdec_bone_old
Zot:5:    layout_basic

Skill      XL: |  1  2  3  4  5  6  7  8  9 10 11 12 13 14 15 16 17 18 19 20 21 22 23 24 25 26 27 |
---------------+----------------------------------------------------------------------------------+-----
Fighting       | 2 3 4 5 6 7 9 10 11 12 13 14 15 16 17 18 19 20 21 | 21.1
Unarmed Combat | 4 5 6 7 8 10 11 12 13 14 15 16 17 18 19 20 21 22 | 22.5
Shapeshifting  | 4 5 6 8 9 10 11 12 13 14 | 14.0
Invocations    | 2 5 7 8 9 11 12 13 14 15 16 17 18 19 20 21 22 23 | 23.4
Dodging        | 2 4 6 7 8 10 11 12 | 12.0
Spellcasting   | 2 4 5 6 7 |  7.0
Translocations | 3 4 6 7 9 10 12 13 14 16 | 16.0
Air Magic      | 3 5 6 8 10 11 13 14 15 16 17 18 | 18.2
Evocations     | 4 7 8 |  8.0
Shields        | 6 9 11 13 14 16 17 18 | 18.0
Fire Magic     | 4 6 8 10 12 | 12.0

Action                     |  1- 3 |  4- 6 |  7- 9 | 10-12 | 13-15 | 16-18 | 19-21 | 22-24 | 25-27 || total
---------------------------+-------+-------+-------+-------+-------+-------+-------+-------+-------++-------
  Melee: Unarmed           |    72 |   119 |   252 |   628 |  1042 |  1030 |  1559 |  1813 |  1261 ||  7776
         Tailslap          |    13 |    13 |    45 |   107 |   219 |   233 |   361 |   443 |   366 ||  1800
         Punch             |     2 |     1 |     7 |    18 |   126 |    10 |       |       |       ||   164
         Maw               |       |       |       |    62 |   442 |   386 |   632 |   791 |   513 ||  2826
  Throw: Stone             |     4 |     8 |     3 |       |       |       |       |       |       ||    15
         Dart              |       |     2 |     7 |       |       |       |       |     1 |     2 ||    12
         Throwing net      |       |       |       |       |       |       |     1 |       |       ||     1
   Cast: Blink             |       |       |       |       |     2 |     1 |     7 |     9 |     1 ||    20
         Vhi's Electric Ch |       |       |       |       |     4 |    76 |   119 |   128 |    87 ||   414
         Manifold Assault  |       |       |       |       |       |    16 |    90 |   115 |    45 ||   266
         Plasma Beam       |       |       |       |       |       |       |       |    25 |    33 ||    58
         Passage of Golubr |       |       |       |       |       |       |       |     2 |       ||     2
         Silence           |       |       |       |       |       |       |       |       |     9 ||     9
 Invoke: Upheaval          |       |       |       |     1 |    12 |    21 |    38 |    40 |    18 ||   130
         Disaster Area     |       |       |       |       |       |     2 |     2 |     2 |       ||     6
         Elemental Force   |       |       |       |       |       |     2 |     2 |     6 |       ||    10
Ability: Begin Untransform |       |     1 |     2 |       |       |       |       |       |       ||     3
         Breathe Dispellin |       |       |    12 |    10 |    13 |    21 |    31 |    17 |     8 ||   112
  Evoke: Wand              |       |       |     2 |     9 |       |    17 |     1 |    10 |     4 ||    43
         Lightning rod     |       |       |       |       |     2 |     7 |     6 |     9 |       ||    24
         Phantom mirror    |       |       |       |       |       |     1 |       |     2 |       ||     3
         Tin of tremorston |       |       |       |       |       |     2 |     4 |     3 |       ||     9
    Use: Potion            |     1 |     4 |     2 |     6 |     4 |     4 |     5 |    15 |     2 ||    43
         Scroll            |       |     6 |     4 |    15 |    12 |     6 |    11 |    16 |     3 ||    73
   Stab: Sleeping          |       |     3 |       |       |       |       |       |       |       ||     3
         Invisible         |       |       |       |       |     1 |       |       |     3 |     3 ||     7
         Paralysed         |       |       |       |       |       |     1 |       |       |       ||     1
         Distracted        |       |       |       |       |       |       |       |       |     1 ||     1
 Armour: Skin              |    31 |    79 |   146 |   361 |   613 |   512 |   748 |   583 |   389 ||  3462
  Dodge: Dodged            |    28 |    61 |   108 |   317 |   454 |   367 |   433 |   325 |   336 ||  2429
         Repelled          |       |       |     1 |     8 |    10 |    16 |     6 |    24 |    35 ||   100
  Block: Other             |       |       |       |    98 |   286 |    19 |       |       |       ||   403
         Kite shield       |       |       |       |       |       |   879 |  1416 |  1409 |  1053 ||  4757
         Reflection        |       |       |       |       |       |       |       |    20 |    20 ||    40
   Form: Beast             |     1 |     1 |     1 |       |       |       |       |       |       ||     3
                           |     1 |       |       |       |       |       |       |       |       ||     1
         Flux              |       |       |     1 |       |       |       |       |       |       ||     1
         Maw               |       |       |       |     1 |       |       |       |       |       ||     1

Table legend: (Time is in decaauts)
 A = Elapsed time spent in this place.
 B = Non-inter-level travel time spent in this place.
 C = Inter-level travel time spent in this place.
 D = Time resting spent in this place.
 E = Time spent auto-exploring this place.
 F = Levels seen in this place.
 G = Mean time per level.
                   A        B        C        D        E       F      G
               +--------+--------+--------+--------+--------+-----+--------+
         Total |  73383 |  65434 |   7949 |  14480 |  27964 |  61 | 1203.0 |
       Dungeon |  18290 |  15478 |   2812 |   2451 |   6310 |  15 | 1219.3 |
        Temple |      1 |      1 |      0 |      0 |      0 |   1 |    1.0 |
          Lair |   5650 |   4709 |    941 |    558 |   2099 |   5 | 1130.0 |
        Shoals |   3973 |   3497 |    476 |    367 |   1973 |   4 |  993.2 |
   Spider Nest |   6078 |   5539 |    539 |   1790 |   2574 |   4 | 1519.5 |
    Slime Pits |   4164 |   3885 |    279 |   2112 |    682 |   5 |  832.8 |
  Orcish Mines |   1440 |   1235 |    205 |     15 |    520 |   2 |  720.0 |
   Elven Halls |   4367 |   3773 |    594 |    684 |   1574 |   3 | 1455.7 |
        Vaults |   8455 |   7861 |    594 |    975 |   4313 |   5 | 1691.0 |
         Crypt |   4985 |   4699 |    286 |   1354 |   2055 |   3 | 1661.7 |
        Depths |   5730 |   5158 |    572 |    658 |   2939 |   4 | 1432.5 |
           Zot |   8900 |   8251 |    649 |   3118 |   2924 |   5 | 1780.0 |
        Bazaar |     95 |     95 |      0 |      0 |      0 |   1 |   95.0 |
         Trove |     58 |     58 |      0 |      0 |      0 |   1 |   58.0 |
        Bailey |    383 |    383 |      0 |     50 |      0 |   1 |  383.0 |
        Wizlab |    756 |    756 |      0 |    344 |      0 |   1 |  756.0 |
    Desolation |     51 |     51 |      0 |      0 |      0 |   1 |   51.0 |
               +--------+--------+--------+--------+--------+-----+--------+

Top non-repeatable levels by time:
    D:10: 2296 daAuts
   Zot:5: 2174 daAuts
Spider:2: 2065 daAuts
Depths:3: 2052 daAuts
    D:14: 2021 daAuts
   Zot:2: 1972 daAuts
    D:11: 1926 daAuts
Vaults:2: 1922 daAuts
   Elf:3: 1872 daAuts
 Crypt:3: 1842 daAuts
Vaults:3: 1744 daAuts
   Zot:4: 1722 daAuts
Spider:4: 1664 daAuts
Vaults:1: 1654 daAuts
 Crypt:2: 1640 daAuts
